 Dungeon Crawl Stone Soup version 0.32-a0-656-g3542139ebd (webtiles) character file.

Game seed: 15870878678071229308

673 croobank the Grave Robber (level 7, -1/51 HPs)
             Began as a Demonspawn Necromancer on Mar 8, 2024.
             Slain by a gnoll
             ... wielding a +0 whip
             ... led by a gnoll sergeant
              (3 damage)
             ... on level 6 of the Dungeon.
             The game lasted 00:17:12 (3698 turns).

croobank the Grave Robber (Demonspawn Necromancer)  Turns: 3698, Time: 00:17:12

Health: -1/51      AC:  3    Str:  8    XL:     7   Next: 33%
Magic:  0/14       EV: 13    Int: 18    God:
Gold:   221        SH:  0    Dex: 13    Spells: 10/15 levels left

rFire   . . .        g - +2 short sword (elec)
rCold   . . .        (no shield)
rNeg    . . .        a - +0 robe
rPois   .            (no helmet)
rElec   .            l - scarf {+Inv}
rCorr   .            (no gloves)
SInv    .            (no boots)
Will    .....        (no amulet)
Stlth   ++           h - ring of wizardry
HPRegen 0.28/turn    (no ring)
MPRegen 0.28/turn

%: guardian spirit, wizardry (x1)
@: about to teleport, animating dead
A: magic shield, magic regeneration, sharp scales 1, demonic touch 2
a: Evoke Invisibility


You were on level 6 of the Dungeon.
You visited 1 branch of the dungeon, and saw 6 of its levels.

You collected 221 gold pieces.

Inventory:

Hand Weapons
 d - a +0 dagger
 e - a +0 short sword
 g - a +2 short sword of electrocution (weapon)
 q - a +2 whip of flaming
 z - a +0 war axe
Missiles
 n - 9 poisoned darts (quivered)
Armour
 a - a +0 robe (worn)
 l - a scarf of invisibility (worn)
 A - a +0 leather armour
Jewellery
 h - a ring of wizardry (left hand)
Talismans
 j - a flux talisman
 B - a beast talisman
Scrolls
 f - 2 scrolls of poison
 k - a scroll of teleportation
 t - a scroll of noise {unknown}
 x - a scroll of enchant weapon {unknown}
 y - a scroll of enchant armour {unknown}
Potions
 b - 2 potions of magic
 i - 3 potions of curing
 o - a potion of mutation
 p - a potion of cancellation
 u - a potion of haste {unknown}
 v - a potion of brilliance {unknown}
 w - a potion of invisibility {unknown}
 C - a potion of enlightenment {unknown}


   Skills:
 + Level 2.9 Fighting
 + Level 3.3 Dodging
 + Level 3.6 Stealth
 * Level 4.7 Spellcasting
 + Level 5.6 Necromancy


You had 10 spell levels left.
You knew the following spells:

 Your Spells              Type           Power      Damage    Failure   Level
a - Necrotise             Necr           96%        1d8       1%          1
A - Animate Dead          Necr           24%        N/A       6%          4

Your spell library contained the following spells:

 Spells                   Type           Power      Damage    Failure   Level
 Vampiric Draining        Necr           24%        2d7       1%          3
 Freeze                   Ice            16%        1d4       6%          1
 Shock                    Conj/Air       16%        1d4       6%          1
 Ensorcelled Hibernation  Hex/Ice        8%         N/A       9%          2
 Frozen Ramparts          Ice            8%         1d2       16%         3
 Hailstorm                Conj/Ice       4%         3d5       16%         3
 Ozocubu's Armour         Ice            4%         N/A       16%         3
 Passwall                 Erth           4%         N/A       16%         3
 Swiftness                Air            4%         N/A       16%         3
 Tukima's Dance           Hex            4%         N/A       16%         3
 Curse of Agony           Necr           24%        N/A       16%         5
 Airstrike                Air            2%         2d(1-17)  45%         4
 Dimensional Bullseye     Hex/Tloc       2%         N/A       45%         4
 Iskenderun's Mystic Bla  Conj/Tloc      4%         2d3       45%         4
 Metabolic Englaciation   Hex/Ice        2%         N/A       80%         5
 Sculpt Simulacrum        Ice/Alch       2%         N/A       100%        6


Dungeon Overview and Level Annotations

Branches:
Dungeon (6/15)
 Temple: D:4-7

Altars:
Nemelex Xobeh

Annotations:
D:5 2 transporters, scarr's ghost, weakling MDDe


Innate Abilities, Weirdness & Mutations

When hurt, damage is shared between your health and your magic reserves.
You regenerate magic rapidly.
You are partially covered in razor-sharp scales. (AC +1, Slay +1)
Your touch may inflict irresistible damage on your foes.


Message History

Press: ? - help, Q - select action, (/) - cycle Shift-Dir - straight line, f - gnoll sergeant
Aim: a gnoll sergeant, wielding a +0 spear and wearing a +2 scale mail of fire resistance (64% to hit)
You throw a poisoned dart.
The poisoned dart barely misses the gnoll sergeant.
Throw: 10 darts (poison)
Press: ? - help, Q - select action, (/) - cycle Shift-Dir - straight line, f/p - gnoll sergeant
Aim: a gnoll sergeant, wielding a +0 spear and wearing a +2 scale mail of fire resistance (64% to hit)
You throw a poisoned dart.
The poisoned dart hits the gnoll sergeant.
The gnoll sergeant is poisoned.
Casting: Animate Dead (dangerous; 6% risk of failure)
Confirm with . or Enter, or press ? or * to list all spells.
You call upon the dead to rise.
The gnoll sergeant closely misses you.
A gnoll comes into view. It is wielding a +0 whip.
A gnoll comes into view. It is wielding a +0 whip.
The gnoll sergeant hits you with a +0 spear.
The gnoll moves out of view.
The gnoll shouts!
You hit the gnoll sergeant.
The gnoll sergeant is lightly wounded.
The gnoll sergeant hits you with a +0 spear.
You closely miss the gnoll sergeant.
The gnoll sergeant is lightly wounded.
The gnoll sergeant closely misses you.
You closely miss the gnoll sergeant. Your touch misses the gnoll sergeant.
The gnoll sergeant is moderately wounded.
The gnoll sergeant hits you with a +0 spear.
The gnoll hits you with a +0 whip.
* * * LOW HITPOINT WARNING * * *
You hit the gnoll sergeant but do no damage.
You touch the gnoll sergeant!
The gnoll sergeant is severely wounded.
The gnoll hits you with a +0 whip.
* * * LOW HITPOINT WARNING * * *
As you read the scroll of teleportation, it crumbles to dust.
You feel strangely unstable.
The gnoll sergeant hits you with a +0 spear!
* * * LOW HITPOINT WARNING * * *
The gnoll hits you with a +0 whip.
You die...

*,,,,+,,,,,,,,,,,,,*.....#.,
*,,,,*,,,,.........+...g.'g,
*,,,,*,,,,.........#.....*,,
********#####+###########.....**,
,,,,,,,,..............§..g#+##**,
,,,,,,,,...............§Z)+...,*,
,,,,,,,,..........g..§§§§.#...,+,
,,,,,,,,........gg..§§§§§.#...,*,
,,,,,,,,........@g(.§.(.§.#...**,
,,,*****.....######.§§§§#####+**,
,,,* *...,,* ####§§.§.#.....*,,
,,,* *.,,,,* ####.....#.....*,,
,,,* *,,,,,* ####.....#.....+,,
,,,* *,,,,,* ####.....######***
**** ******* ###############
###############


You could see a gnoll sergeant (poisoned) and 3 gnolls.

Vanquished Creatures
  2 ogres (D:5)
  A scorpion (D:4)
  A hound (D:5)
  A jelly (D:3)
  3 orc priests
  An iguana (D:2)
  3 orc wizards
  4 gnolls (D:4)
  3 adders
  2 dart slugs (D:3)
  A ribbon worm (D:2)
  18 orcs
  11 endoplasms
  4 giant cockroaches
  7 goblins
  6 hobgoblins
  7 jackals (D:1)
  2 quokkas
  10 ball pythons
  6 bats
  5 frilled lizards
  9 kobolds
  5 rats
112 creatures vanquished.

Vanquished Creatures (collateral kills)
  3 orcs
  2 goblins
  A jackal (D:1)
  A frilled lizard (D:2)
7 creatures vanquished.

Vanquished Creatures (others)
  An ogre zombie (D:5)
  A ball python zombie (D:4)
  4 orc zombies
6 creatures vanquished.

Grand Total: 125 creatures vanquished

Notes
Turn   | Place    | Note
-------+----------+-------------------------------------------
     0 | D:1      | croobank the Demonspawn Necromancer began the quest for the
                  | Orb.
     0 | D:1      | Reached XP level 1. HP: 13/13 MP: 3/3
   356 | D:1      | Gained mutation: You regenerate magic rapidly. [demonic
                  | ancestry]
   356 | D:1      | Reached XP level 2. HP: 16/19 MP: 1/5
   529 | D:1      | Gained mutation: You are partially covered in razor-sharp
                  | scales. (AC +1, Slay +1) [demonic ancestry]
   529 | D:1      | Reached XP level 3. HP: 25/25 MP: 0/6
  1334 | D:2      | Reached skill level 1 in Fighting
  1632 | D:2      | Gained mutation: Your touch may inflict minor irresistible
                  | damage on your foes. [demonic ancestry]
  1632 | D:2      | Reached XP level 4. HP: 26/32 MP: 0/8
  1932 | D:3      | Gained mutation: When hurt, damage is shared between your
                  | health and your magic reserves. [demonic ancestry]
  1932 | D:3      | Reached XP level 5. HP: 34/37 MP: 2/9
  2121 | D:3      | Learned a level 4 spell: Animate Dead
  2458 | D:3      | Found a faded altar of an unknown god.
  2719 | D:4      | Reached skill level 5 in Necromancy
  2777 | D:4      | Found a sparkling altar of Nemelex Xobeh.
  2895 | D:4      | Reached XP level 6. HP: 22/44 MP: 8/11
  3374 | D:5      | Entered Level 5 of the Dungeon
  3501 | D:5      | Found a transporter.
  3501 | D:5      | Found a transporter.
  3505 | D:5      | Noticed scarr's ghost (weakling MDDe)
  3516 | D:5      | Gained mutation: Your touch may inflict irresistible damage
                  | on your foes. [demonic ancestry]
  3516 | D:5      | Reached XP level 7. HP: 49/51 MP: 7/13
  3698 | D:6      | HP: 2/51 [gnoll sergeant/+0 spear (10)]
  3698 | D:6      | Slain by a gnoll

Illustrated notes

Levels and vault maps discovered:
D:1:      minmay_arrival_hallway, layout_basic
D:2:      layout_basic, serial_glass, glass_columns_c, glass_columns_b,
          nicolae_concentric_dashed_squares_wild, minmay_divided_ellipse
D:3:      minmay_recursive_quarters, layout_rooms,
          shapermc_ecumenical_altar_totnotflames, kennysheep_generic_room_7
D:4:      layout_loops_ring, nicolae_overflow_crystal_walls,
          kennysheep_big_empty_room
D:5:      layout_loops_ring, gammafunk_ghost_hive
D:6:      layout_gridville, mainiacjoe_overflow_concentric_impassable,
          minmay_misc_feat_encased, hangedman_decor_diamond_cutter,
          uniq_duvessa, uniq_prince_ribbit1

Skill      XL: |  1  2  3  4  5  6 |
---------------+-------------------+-----
Stealth        | 2 3 |  3.6
Dodging        | 2 3 |  3.3
Fighting       | 1 2 |  2.9
Spellcasting   | 3 4 |  4.7
Necromancy     | 5 |  5.6

Action                     |  1- 3 |  4- 6 |  7- 9 || total
---------------------------+-------+-------+-------++-------
  Melee: Dagger            |     5 |       |       ||     5
         Short sword       |    17 |    89 |    35 ||   141
         Touch             |       |    14 |     2 ||    16
  Throw: Throwing net      |       |     1 |       ||     1
         Dart              |       |       |     2 ||     2
   Cast: Necrotise         |    82 |    32 |     6 ||   120
         Animate Dead      |       |     6 |     2 ||     8
    Use: Scroll            |       |     7 |     4 ||    11
         Potion            |       |       |     3 ||     3
   Stab: Sleeping          |     5 |     3 |       ||     8
 Armour: Robe              |    24 |    41 |    44 ||   109
  Dodge: Dodged            |    35 |    42 |    19 ||    96

Table legend: (Time is in decaauts)
 A = Elapsed time spent in this place.
 B = Non-inter-level travel time spent in this place.
 C = Inter-level travel time spent in this place.
 D = Time resting spent in this place.
 E = Time spent auto-exploring this place.
 F = Levels seen in this place.
 G = Mean time per level.
                   A        B        C        D        E       F      G
               +--------+--------+--------+--------+--------+-----+--------+
         Total |   3697 |   3582 |    115 |    167 |   2153 |   6 |  616.2 |
       Dungeon |   3697 |   3582 |    115 |    167 |   2153 |   6 |  616.2 |
               +--------+--------+--------+--------+--------+-----+--------+

Top non-repeatable levels by time:
     D:1: 964 daAuts
     D:2: 900 daAuts
     D:4: 757 daAuts
     D:3: 751 daAuts
     D:5: 279 daAuts
     D:6: 43 daAuts
